 Dungeon Crawl Stone Soup version 0.23-a0-625-g1d2cd9b (webtiles) character file.

185201 Gorice the Tortoise (level 17, -3/144 HPs)
             Began as a Demonspawn Wanderer on Dec 22, 2018.
             Was the Champion of Makhleb.
             Hit by a large rock thrown by Polyphemus (34 damage)
             ... on level 2 of the Shoals on Dec 24, 2018.
             The game lasted 03:23:34 (31787 turns).

Gorice the Tortoise (Demonspawn Wanderer)          Turns: 31787, Time: 03:23:34

Health: -3/144     AC: 34    Str: 20    XL:     17   Next: 80%
Magic:  0/24       EV: 22    Int: 11    God:    Makhleb [******]
Gold:   2490       SH:  0    Dex: 18    Spells: 18/18 levels left

rFire    + . .     SeeInvis +   a - +10 morningstar "Eos" {elec, Halo rElec}
rCold    . . .     Gourm    .   (no shield)
rNeg     . . .     Faith    .   r - +1 plate armour
rPois    +         Spirit   +   n - +1 helmet "Epais" {Dex+2}
rElec    +         Reflect  .   F - +1 cloak {+Inv}
rCorr    +         Harm     .   g - +2 pair of gloves "Inoxeciz" {+Fly Stlth+}
MR       ++...                  H - +1 pair of boots
Stlth    ..........             y - amulet of the acrobat
HPRegen  0.34/turn              i - ring "Lotiw" {rCorr +Fly rElec Int-4 SInv}
MPRegen  0.19/turn              m - ring "Ymnefych" {+Fly MR+ Str+5}

@: flying, very slightly contaminated, glowing
A: hooves 2, slimy green scales 3, fire resistance 1, spiny 2, magic shield
a: Minor Destruction, Lesser Servant of Makhleb, Major Destruction, Greater
Servant of Makhleb, Renounce Religion, Evoke Invisibility, Stop Flying


You were on level 2 of the Shoals.
You worshipped Makhleb.
Makhleb was exalted by your worship.
You were not hungry.

You visited 6 branches of the dungeon, and saw 29 of its levels.
You also visited: Gauntlet and Ice Cave.

You collected 2981 gold pieces.
You spent 491 gold pieces at shops.

Inventory:

Hand Weapons
 a - the +10 morningstar "Eos" (weapon) {elec, Halo rElec}
   (You found it on level 6 of the Lair of Beasts)

   Occasionally, upon striking a foe, it will discharge some electrical energy
   and cause terrible harm.
   It insulates you from electricity.
 b - the +9 heavy crossbow "Sniper" {velocity, Acc+∞ SInv}
   (You found it on level 5 of the Dungeon)

   Any bolt fired from it inflicts extra damage.
   It lets you see invisible.
 B - a +0 blowgun
Missiles
 t - 152 bolts
 C - 5 curare-tipped needles
 Z - 2 throwing nets (quivered) {!f}
Armour
 g - the +2 pair of gloves "Inoxeciz" (worn) {+Fly Stlth+}
   (You bought it in a shop on level 2 of the Orcish Mines)

   It lets you fly.
   It makes you more stealthy.
 n - the +1 helmet "Epais" (worn) {Dex+2}
   (You found it in a Gauntlet)

   It affects your dexterity (+2).
 r - a +1 plate armour (worn)
 F - a +1 cloak of invisibility (worn)
   (You took it off Nikola on level 1 of the Spider Nest)
 H - a +1 pair of boots (worn)
Jewellery
 c - an uncursed ring of protection from cold
 f - an uncursed ring of fire
 i - the ring "Lotiw" (left hand) {rCorr +Fly rElec Int-4 SInv}
   (You found it in a Gauntlet)

   [ring of resist corrosion]

   It affects your intelligence (-4).
   It insulates you from electricity.
   It lets you see invisible.
   It lets you fly.
 m - the ring "Ymnefych" (right hand) {+Fly MR+ Str+5}
   (You found it in a Gauntlet)

   [ring of flight]

   It affects your strength (+5).
   It affects your resistance to hostile enchantments.
   It lets you fly.
 y - an amulet of the acrobat (around neck)
Wands
 p - a wand of iceblast (47)
 v - a wand of disintegration (27)
 z - a wand of flame (78)
 K - a wand of enslavement (24)
 T - a wand of digging (4)
 U - a wand of paralysis (14)
 V - a wand of acid (10)
Scrolls
 e - 8 scrolls of remove curse
 j - 2 scrolls of fog
 s - 3 scrolls of fear {!r}
 w - a scroll of blinking
 D - 7 scrolls of teleportation {!r}
 I - 3 scrolls of magic mapping {!r}
 M - 9 scrolls of identify
Potions
 k - 8 potions of heal wounds {!q}
 l - 6 potions of cancellation {!q}
 o - 2 potions of resistance {!q}
 q - 5 potions of haste {!q}
 u - 2 potions of magic {!q}
 x - 7 potions of might {!q}
 J - 3 potions of agility {!q}
 O - a potion of invisibility {!q}
 P - 8 potions of curing
 R - 3 potions of berserk rage
Miscellaneous
 L - a lightning rod (4/4) {!a}
 Q - a box of beasts
Comestibles
 d - 15 chunks of flesh
 N - 48 rations


   Skills:
 - Level 16.0 Fighting
 + Level 6.6 Maces & Flails
 - Level 16.0 Crossbows
 - Level 16.0 Armour
 - Level 1.0 Stealth
 - Level 1.0 Spellcasting
   Level 2.0 Conjurations
   Level 1.0 Charms
   Level 1.7 Fire Magic
   Level 1.7 Earth Magic
 + Level 9.9 Invocations
 - Level 8.0 Evocations


You had 18 spell levels left.
You didn't know any spells.
Your spell library contained the following spells:

 Spells                   Type           Power        Failure   Level  Hunger
 Magic Dart               Conj           #...         82%         1    ##.....
 Flame Tongue             Conj/Fire      #....        83%         1    ##.....
 Throw Flame              Conj/Fire      #.....       93%         2    ###....
 Corona                   Hex            #......      97%         1    ##.....
 Summon Butterflies       Summ           #.......     97%         1    ##.....
 Summon Small Mammal      Summ           #...         97%         1    ##.....
 Blink                    Tloc           N/A          99%         2    ###....
 Call Imp                 Summ           #.......     99%         2    ###....
 Ensorcelled Hibernation  Hex/Ice        #.....       99%         2    ###....
 Poisonous Vapours        Pois/Air       #.....       99%         2    ###....
 Slow                     Hex            #.......     99%         2    ###....
 Sublimation of Blood     Necr           #.........   99%         2    ###....
 Conjure Flame            Conj/Fire      #.......     99%         3    ####...
 Call Canine Familiar     Summ           #.......     100%        3    ####...
 Confuse                  Hex            #.......     100%        3    ####...
 Dazzling Spray           Conj/Hex       #.....       100%        3    ####...
 Ignite Poison            Fire/Tmut/Pois #.......     100%        3    ####...
 Mephitic Cloud           Conj/Pois/Air  #.......     100%        3    ####...
 Recall                   Summ/Tloc      N/A          100%        3    ####...
 Spectral Weapon          Hex/Chrm       #.......     100%        3    ####...
 Static Discharge         Conj/Air       #.......     100%        3    ####...
 Tukima's Dance           Hex            #.......     100%        3    ####...
 Fulminant Prism          Conj/Hex       #.........   100%        4    #####..
 Petrify                  Tmut/Erth      #.......     100%        4    #####..
 Summon Ice Beast         Ice/Summ       #.......     100%        4    #####..
 Alistair's Intoxication  Tmut/Pois      #.......     100%        5    ######.
 Fireball                 Conj/Fire      #.........   100%        5    ######.
 Irradiate                Conj/Tmut      #.........   100%        5    ######.
 Metabolic Englaciation   Hex/Ice        #.........   100%        5    ######.
 Summon Mana Viper        Hex/Summ       #.......     100%        5    ######.
 Venom Bolt               Conj/Pois      #.........   100%        5    ######.
 Yara's Violent Unravell  Hex/Tmut       #.........   100%        5    ######.
 Bolt of Fire             Conj/Fire      #.........   100%        6    #######
 Darkness                 Hex            #.........   100%        6    #######
 Freezing Cloud           Conj/Ice/Air   #.........   100%        6    #######
 Ring of Flames           Chrm/Fire      #.........   100%        7    #######
 Summon Hydra             Summ           #.........   100%        7    #######
 Ignition                 Fire           #.........   100%        8    #######


Dungeon Overview and Level Annotations

Branches:
Dungeon (15/15)            Temple (1/1) D:6            Lair (6/6) D:8
 Shoals (2/4) Lair:3       Spider (3/4) Lair:4        Slime (0/5) Lair:6
    Orc (2/2) D:10            Elf (0/3) Orc:2        Vaults (0/5) D:13
 Depths (0/5) D:15

Altars:
Ashenzari
Cheibriados
Dithmenos
Elyvilon
Fedhas
Gozag
Hepliaklqana
Kikubaaqudgha
Makhleb
Nemelex Xobeh
Okawaru
Qazlal
Ru
Sif Muna
Trog
Uskayaw
Vehumet
Wu Jian
Xom
Yredelemnul
Zin
The Shining One
Beogh

Shops:
D:5 !   D:9 %   D:12 *   D:13 !%:?   Orc:2 ![*=?

Annotations:
Shoals:1 3 runed doors, SaintRoka's ghost, journeyman GnSk
Shoals:2 1 transporter, Bomoishrouc's ghost, journeyman GnSk; Polyphemus


Innate Abilities, Weirdness & Mutations

You have hoof-like feet.
You are completely covered in slimy green scales. (AC +4, rPois)
Your flesh is heat resistant. (rF+)
You are mostly covered in sharp spines.
When hurt, damage is shared between your health and your magic reserves.


Message History

Unknown command.
Unknown command.
Unknown command.
Really read
D - 8 scrolls of teleportation {!r}?
As you read the scroll of teleportation {!r}, it crumbles to dust.
You feel strangely unstable.
The death yak gores you but does no damage.
Polyphemus is struck by your spines. Polyphemus hits you!
* * * LOW HITPOINT WARNING * * *
Polyphemus hits you.
* * * LOW HITPOINT WARNING * * *
The death yak is struck by your spines. The death yak barely misses you.
Damage: 12 (max 22) Unknown command.
Unknown command.
Unknown command.
Blink to where?
Press: ? - help, Dir - move target cursor, p - death yak You are very lightly contaminated with residual magic.
As you read the scroll of blinking, it crumbles to dust.
Splash!
You fall into the shallow water.
Moving in this stuff is going to be slow.
You feel very buoyant.
You fly up into the air.
You feel somewhat more hungry.
Your surroundings seem slightly different.
The faun shoots a stone.
The stone hits you but does no damage.
You see here a stone.
Polyphemus throws a large rock.
The large rock hits you!!
* * * LOW HITPOINT WARNING * * *
You hear a splash.
You see here a large rock.
Damage: 18 (max 22) Unknown command.
Unknown command.
Really quaff
k - 9 potions of heal wounds {!q}?
You feel much better. Polyphemus throws the death yak at you!
* * * LOW HITPOINT WARNING * * *
The death yak is struck by your spines.
You kill the death yak!
Makhleb accepts your kill.
You feel better.
The faun shoots a sling bullet.
The sling bullet misses you.
You hear a splash.
You see here a sling bullet.
Unknown command.
Unknown command.
Unknown command.
Polyphemus throws a large rock.
The large rock hits you!!
You die...

.≈≈≈≈≈≈≈≈..# #..............
.≈≈≈≈≈≈≈≈≈.### #...(...........
≈≈≈≈≈≈≈≈≈≈≈.^## #...............
≈≈≈≈≈≈≈≈≈≈≈≈..####....(..........
≈≈≈))≈≈≈≈≈≈≈....##...............
≈≈≈≈((≈≈≈≈≈.....##.........≈..≈..
≈≈≈..(≈≈≈......≈≈.........≈≈.....
≈≈.###)≈...##<....>......≈≈......
≈≈.###≈..###..≈.@........)......[
≈....≈≈..##.≈)≈≈≈..≈≈≈≈≈.(.......
≈≈.≈≈≈≈.###.≈≈≈≈≈≈≈≈≈≈≈≈..((.....
.≈≈≈≈......≈≈≈≈≈≈≈≈≈≈Y≈≈.........
.≈≈...P##≈(≈≈≈≈≈≈≈≈≈≈≈(≈≈(.(.....
≈..P..##.≈≈≈≈≈≈≈≈≈≈≈≈≈≈C≈≈(......
(..##...≈≈≈≈≈≈≈≈≈≈≈≈≈≈≈≈c≈(†(....
P/# #P..≈≈≈≈≈≈≈≈≈≈≈≈≈≈≈≈≈≈≈(.....
≈PP≈≈≈PP≈≈≈≈≈≈≈≈≈≈≈≈≈≈≈≈≈≈c......


You could see Polyphemus and a death yak.

Vanquished Creatures
  Nikola (Spider:1)
  Arachne (Spider:1)
  Rupert (D:12)
  Gastronok (Lair:2)
  Ilsuiw (Shoals:2)
  A frost giant (IceCv)
  2 orc warlords
  An entropy weaver (Spider:3)
  Azrael (D:12)
  A minotaur (Gauntlet)
  The ghost of RexLacerta the Spear-Bearer, a journeyman DrBe of Trog (D:13)
  2 fire dragons (D:15)
  Josephine (D:10)
  A vault guard (D:13)
  The ghost of Kufareon the Nimble, a journeyman OpFi of Cheibriados (Lair:3)
  Erica (D:11)
  5 catoblepae
  7 hydras
  A death knight (D:11)
  3 centaur warriors
  A merfolk avatar (Shoals:2)
  4 ogre magi
  A deep troll shaman (Lair:6)
  14 death yaks
  21 two-headed ogres
  A tengu warrior (D:15)
  2 orc high priests (Orc:1)
  Sonja (D:11)
  7 skeletal warriors
  A fire crab (shapeshifter) (D:13)
  2 sea snakes
  2 unseen horrors
  2 deep trolls (Orc:2)
  5 wizards (D:14)
  A spectral hydra (Lair:3)
  A phantasmal warrior (D:11)
  7 orb spiders
  4 deep elf magi
  5 orc sorcerers
  2 orc knights (Orc:1)
  4 oklob plants
  6 fauns (Shoals:2)
  16 wolf spiders
  6 manticores
  2 moths of wrath (Spider:2)
  12 ugly things
  6 merfolk sirens
  7 cyclopes
  4 elephants (Lair:6)
  5 black mambas
  4 water nymphs
  5 centaur skeletons
  12 spiny frogs
  Psyche (D:11)
  An ice statue (IceCv)
  4 torpor snails
  5 rime drakes
  7 komodo dragons
  5 yaktaurs
  6 demonic crawlers
  2 tengu conjurers
  2 freezing wraiths (D:11)
  3 meliai (Gauntlet)
  7 merfolk
  18 trolls
  13 blink frogs
  14 jumping spiders
  6 hornets
  Grinder (D:2)
  15 tyrant leeches
  16 polar bears
  2 snapping turtles (Shoals:2)
  A blink frog (shapeshifter) (D:15)
  14 hippogriffs
  2 centaur simulacra
  A water elemental (Shoals:2)
  81 yaks
  44 redbacks
  4 wyverns
  5 shadows
  A spriggan (D:9)
  21 tarantellas
  A vampire (D:12)
  5 wraiths
  4 fire bats (Gauntlet)
  Eustachio (D:4)
  2 fire elementals (D:12)
  A golden eye (shapeshifter) (D:15)
  4 vampire mosquitoes (D:15)
  3 wargs
  3 hungry ghosts
  A death yak simulacrum (Lair:3)
  An acid dragon (D:13)
  2 swamp worms
  Edmund (D:4)
  2 hydra simulacra (Lair:3)
  A soldier ant (D:11)
  13 water moccasins
  A floating eye (Lair:3)
  4 hell hounds
  14 porcupines
  A swamp drake (D:10)
  8 ice beasts
  30 orc warriors
  4 sky beasts
  2 black bears
  33 ogres
  2 phantoms
  5 boggarts (D:15)
  26 wolves
  13 centaurs
  2 necrophages
  10 crocodiles
  6 big kobolds
  23 bullfrogs
  2 spiny frog simulacra (Lair:3)
  4 scorpions
  6 wights
  A dream sheep simulacrum (Lair:3)
  An electric eel (Spider:2)
  4 howler monkeys
  10 crimson imps
  6 centaur zombies
  4 jellies
  A quasit (D:5)
  2 bullfrog zombies
  4 hounds
  Crazy Yiuf (D:5)
  2 bullfrog skeletons
  23 orc priests
  31 orc wizards
  4 iguanas
  11 worker ants
  A killer bee zombie (D:9)
  A howler monkey skeleton (D:5)
  4 worker ant zombies
  9 adders
  3 gnolls (D:5)
  4 shadow imps
  12 white imps (Lair:6)
  3 oozes
  An adder zombie (D:5)
  4 worms (D:2)
  3 leopard geckos
  71 orcs
  4 giant cockroaches
  4 goblins
  6 hobgoblins
  5 jackals
  30 kobolds
  4 quokkas
  4 ball pythons
  2 ball python skeletons (D:4)
  5 bats
  5 frilled lizards
  A giant cockroach zombie (D:6)
  A quokka skeleton (D:4)
  15 rats
1057 creatures vanquished.

Vanquished Creatures (collateral kills)
  Frances (D:12)
  A sea snake (Shoals:2)
  2 fauns (Shoals:2)
  A merfolk siren (Shoals:2)
  An orc warrior (Orc:1)
6 creatures vanquished.

Vanquished Creatures (others)
  A hell hog (Gauntlet)
  A polar bear (IceCv)
  A redback (Spider:1)
  2 fungi (D:8)
  17 plants
22 creatures vanquished.

Grand Total: 1085 creatures vanquished

Notes
Turn   | Place    | Note
-------+----------+-------------------------------------------
     0 | D:1      | Gorice the Demonspawn Wanderer began the quest for the Orb.
     0 | D:1      | Gorice set off with the following items: a +0 robe, a +0
                  | dagger, a ration; and the following spells available to
                  | memorise: Magic Dart, Summon Small Mammal, Blink, Call Imp,
                  | Slow, Conjure Flame, Mephitic Cloud, Recall
     0 | D:1      | Reached XP level 1. HP: 13/13 MP: 2/2
   364 | D:1      | Reached skill level 1 in Fighting
   912 | D:1      | --wow not even enough xp to get to xpl2!
   969 | D:2      | Noticed a worker ant
   986 | D:2      | Killed a worker ant
   986 | D:2      | Reached skill level 2 in Fighting
   986 | D:2      | Reached skill level 1 in Armour
   986 | D:2      | Gained mutation: You are partially covered in slimy green
                  | scales. (AC +2) [demonic ancestry]
   986 | D:2      | Reached XP level 2. HP: 14/22 MP: 3/3
   986 | D:2      | Gained mutation: You are mostly covered in slimy green
                  | scales. (AC +3) [demonic ancestry]
   986 | D:2      | Reached XP level 3. HP: 18/27 MP: 4/4
   987 | D:2      | --heh catch up: one monster 2 xp lvls
  1384 | D:2      | Reached skill level 2 in Armour
  1583 | D:2      | Noticed a moth of wrath
  1634 | D:2      | Reached XP level 4. HP: 34/34 MP: 5/5
  1688 | D:2      | Found a bloodstained altar of Trog.
  1763 | D:2      | Upgraded the game from 0.23-a0-619-g281719c to
                  | 0.23-a0-622-g59b4ea9
  2358 | D:3      | Reached skill level 3 in Fighting
  2394 | D:3      | Noticed Grinder
  2398 | D:3      | Paralysed by Grinder for 6 turns
  2791 | D:3      | Paralysed by Grinder for 6 turns
  2805 | D:2      | Paralysed by Grinder for 3 turns
  2892 | D:3      | Reached XP level 5. HP: 31/41 MP: 6/6
  2918 | D:3      | Found a sacrificial altar of Ru.
  3147 | D:4      | Noticed an ogre
  3153 | D:4      | Killed an ogre
  3153 | D:4      | Reached skill level 4 in Fighting
  3153 | D:4      | Reached skill level 3 in Armour
  3191 | D:4      | Noticed an ogre
  3314 | D:3      | Gained mutation: You have large cloven feet. [demonic
                  | ancestry]
  3314 | D:3      | Reached XP level 6. HP: 48/48 MP: 7/7
  3388 | D:4      | Reached skill level 4 in Armour
  3577 | D:4      | HP: 10/49 [ogre/+0 giant club (5)]
  3592 | D:4      | Reached skill level 5 in Fighting
  3750 | D:4      | Noticed Eustachio
  3788 | D:4      | Killed Eustachio
  3788 | D:4      | Reached XP level 7. HP: 53/56 MP: 8/8
  3825 | D:4      | Noticed Edmund
  3855 | D:4      | Killed Edmund
  3855 | D:4      | Reached skill level 5 in Armour
  3949 | D:4      | Reached skill level 6 in Fighting
  4348 | D:5      | Entered Level 5 of the Dungeon
  4701 | D:5      | Gained mutation: You are completely covered in slimy green
                  | scales. (AC +4, rPois) [demonic ancestry]
  4701 | D:5      | Reached XP level 8. HP: 65/65 MP: 9/9
  4759 | D:5      | Found Kamighys's Distillery.
  4773 | D:5      | Bought a potion of might for 44 gold pieces
  4773 | D:5      | Bought a potion of degeneration for 11 gold pieces
  4816 | D:5      | Reached skill level 6 in Armour
  4880 | D:5      | Found a stormy altar of Qazlal.
  5064 | D:5      | Found the +9 heavy crossbow "Sniper" {velocity, Acc+∞ SInv}
  5078 | D:5      | Found a runed door.
  5082 | D:5      | Noticed Crazy Yiuf
  5085 | D:5      | Killed Crazy Yiuf
  5224 | D:5      | Reached skill level 7 in Fighting
  5437 | D:2      | Paralysed by Grinder for 2 turns
  5440 | D:2      | Killed Grinder
  5560 | D:6      | Found a staircase to the Ecumenical Temple.
  5591 | D:6      | Reached skill level 7 in Armour
  5595 | D:6      | HP: 20/68 [orc priest/divine providence (9)]
  5596 | D:6      | HP: 4/68 [ogre/+0 giant club (16)]
  5597 | Temple   | Entered the Ecumenical Temple
  5602 | Temple   | Reached skill level 8 in Fighting
  5949 | Temple   | Became a worshipper of Makhleb the Destroyer
  6028 | D:6      | Found a sparkling altar of Nemelex Xobeh.
  6073 | D:6      | Reached XP level 9. HP: 61/74 MP: 10/10
  6488 | D:7      | Reached skill level 8 in Armour
  6504 | D:7      | Found a white marble altar of Elyvilon.
  6554 | D:7      | Reached skill level 9 in Fighting
  6900 | D:7      | Found an iron altar of Okawaru.
  6902 | D:7      | Found a hide-covered altar of Uskayaw.
  7000 | D:7      | Reached * piety under Makhleb
  7492 | D:8      | Reached skill level 9 in Armour
  7517 | D:8      | Reached skill level 10 in Fighting
  7551 | D:7      | Reached skill level 1 in Crossbows
  7778 | D:7      | Gained mutation: When hurt, damage is shared between your
                  | health and your magic reserves. [demonic ancestry]
  7778 | D:7      | Reached XP level 10. HP: 63/85 MP: 11/11
  7875 | D:8      | Reached skill level 2 in Crossbows
  8013 | D:8      | Found a staircase to the Lair.
  8090 | D:8      | Reached skill level 3 in Crossbows
  8761 | D:8      | Reached skill level 10 in Armour
  8778 | D:8      | Reached skill level 4 in Crossbows
  8830 | D:7      | Found a shimmering altar of Xom.
  8830 | D:7      | Found a snail-covered altar of Cheibriados.
  9025 | Lair:1   | Entered Level 1 of the Lair of Beasts
  9028 | Lair:1   | Reached ** piety under Makhleb
  9096 | Lair:1   | Noticed a six-headed hydra
  9102 | Lair:1   | Killed a six-headed hydra
  9102 | Lair:1   | Reached skill level 5 in Crossbows
  9161 | Lair:1   | HP: 25/85 [yak (5)]
  9167 | Lair:1   | HP: 22/85 [yak (5)]
  9177 | Lair:1   | HP: 16/85 [yak (2)]
  9182 | Lair:1   | HP: 10/85 [yak (2)]
  9221 | Lair:1   | Found a gate leading to a gauntlet.
  9232 | Gauntlet | Entered a Gauntlet
  9232 | Gauntlet | Found a transporter.
  9232 | Gauntlet | Found a transporter.
  9234 | Gauntlet | Noticed a necromancer
  9254 | Gauntlet | Found a transporter.
  9254 | Gauntlet | Found a transporter.
  9270 | Gauntlet | Noticed a reaper
  9271 | Gauntlet | Found a transporter.
  9275 | Gauntlet | Found a transporter.
  9288 | Gauntlet | Noticed a moth of wrath
  9293 | Gauntlet | Found a transporter.
  9309 | Gauntlet | Found a transporter.
  9337 | Gauntlet | Found a transporter.
  9341 | Gauntlet | Found a transporter.
  9342 | Gauntlet | Noticed a hell hog
  9351 | Gauntlet | Found a transporter.
  9355 | Gauntlet | Found a transporter.
  9523 | Gauntlet | Gained mutation: You are partially covered in sharp spines.
                  | [demonic ancestry]
  9523 | Gauntlet | Reached XP level 11. HP: 82/90 MP: 10/12
  9524 | Gauntlet | Reached skill level 6 in Crossbows
  9525 | Gauntlet | Reached skill level 11 in Armour
  9541 | Gauntlet | Got a glittering platinum ring
  9542 | Gauntlet | Identified the ring "Ymnefych" {+Fly MR+ Str+5} (You found
                  | it in a Gauntlet)
  9626 | Gauntlet | Killed a hell hog
  9638 | Gauntlet | Got a brightly glowing jade ring
  9640 | Gauntlet | Identified the ring "Lotiw" {rCorr +Fly rElec Int-4 SInv}
                  | (You found it in a Gauntlet)
  9822 | Gauntlet | Got a slimy helmet
  9828 | Gauntlet | Identified the +1 helmet "Epais" {Dex+2} (You found it in a
                  | Gauntlet)
  9882 | Gauntlet | Noticed a minotaur
  9887 | Gauntlet | Killed a minotaur
  9887 | Gauntlet | Reached skill level 7 in Crossbows
  9902 | Gauntlet | Identified the Grimoire of Beguiling
  9904 | Gauntlet | Got a steaming dagger
  9914 | Gauntlet | Identified the Papyrus of Bewitching Confrontation
  9973 | Lair:1   | Identified the +1 dagger "Ijud" {elec, Fragile rC+ SInv
                  | Stlth+} (You found it in a Gauntlet)
 10490 | Lair:1   | Reached skill level 8 in Crossbows
 10502 | Lair:2   | Reached skill level 12 in Armour
 10749 | Lair:2   | Noticed an eight-headed hydra
 10752 | Lair:2   | Killed an eight-headed hydra
 10815 | Lair:2   | Noticed an eight-headed hydra
 10819 | Lair:2   | Killed an eight-headed hydra
 10819 | Lair:2   | Reached skill level 9 in Crossbows
 10819 | Lair:2   | Gained mutation: You are mostly covered in sharp spines.
                  | [demonic ancestry]
 10819 | Lair:2   | Reached XP level 12. HP: 90/97 MP: 11/13
 10840 | Lair:2   | Noticed Gastronok
 10848 | Lair:2   | Killed Gastronok
 11561 | Lair:3   | Found a dark tunnel.
 11605 | Lair:3   | Reached *** piety under Makhleb
 11744 | Lair:3   | Reached skill level 13 in Armour
 11784 | Lair:3   | Reached skill level 10 in Crossbows
 12142 | Lair:3   | Reached skill level 1 in Invocations
 12148 | Lair:3   | Found a staircase to the Shoals.
 12220 | Lair:3   | Found a runed gate.
 12220 | Lair:3   | Found a runed gate.
 12220 | Lair:3   | Found a runed gate.
 12226 | Lair:3   | Noticed Kufareon's ghost (journeyman OpFi)
 12423 | Lair:3   | Reached **** piety under Makhleb
 12423 | Lair:3   | Reached skill level 2 in Invocations
 12427 | Lair:3   | Killed Kufareon's ghost
 12427 | Lair:3   | Reached skill level 3 in Invocations
 12443 | Lair:3   | HP: 27/97 [six-headed hydra simulacrum (10)]
 12450 | Lair:3   | Reached skill level 4 in Invocations
 12556 | Lair:3   | Identified a scroll of acquirement
 12635 | Lair:4   | Noticed a catoblepas
 12646 | Lair:4   | Killed a catoblepas
 12646 | Lair:4   | Reached skill level 14 in Armour
 12730 | Lair:4   | Noticed a six-headed hydra
 12736 | Lair:4   | Killed a six-headed hydra
 12736 | Lair:4   | Reached skill level 5 in Invocations
 12796 | Lair:4   | Gained mutation: You have hoof-like feet. [demonic
                  | ancestry]
 12796 | Lair:4   | Reached XP level 13. HP: 103/103 MP: 15/17
 12812 | Lair:4   | Reached skill level 6 in Invocations
 12906 | Lair:4   | Reached skill level 7 in Invocations
 12981 | Lair:4   | Got an ancient hat
 12992 | Lair:4   | Identified the +1 hat of the Cuttlefish {rElec Str+4 Dex+2}
                  | (You found it on level 4 of the Lair of Beasts)
 13344 | Lair:4   | Found a hole to the Spider Nest.
 13465 | Lair:4   | Reached skill level 8 in Invocations
 13566 | Lair:4   | Reached skill level 2 in Evocations
 13589 | Lair:5   | Reached ***** piety under Makhleb
 13746 | Lair:4   | Reached skill level 3 in Evocations
 14220 | Lair:5   | Reached skill level 4 in Evocations
 14224 | Lair:5   | Reached skill level 15 in Armour
 14621 | Lair:6   | Entered Level 6 of the Lair of Beasts
 14634 | Lair:6   | Reached skill level 5 in Evocations
 14639 | Lair:6   | Found a frozen archway.
 14711 | IceCv    | Entered an ice cave
 14874 | IceCv    | Reached skill level 6 in Evocations
 15011 | IceCv    | Reached XP level 14. HP: 110/110 MP: 20/20
 15189 | IceCv    | Reached skill level 7 in Evocations
 15253 | IceCv    | Noticed a frost giant
 15262 | IceCv    | Killed a frost giant
 16415 | Lair:6   | Reached ****** piety under Makhleb
 16474 | Lair:6   | Reached skill level 8 in Evocations
 16499 | Lair:6   | Found a staircase to the Slime Pits.
 16610 | Lair:6   | Reached skill level 16 in Armour
 16858 | Lair:6   | Found the +10 morningstar "Eos" {elec, Halo rElec}
 17446 | D:9      | Found Xegorghi's Food Shop.
 17471 | D:9      | Found a blossoming altar of Fedhas.
 17842 | D:10     | Entered Level 10 of the Dungeon
 17966 | D:10     | Found a sacrificial altar of Ru.
 18160 | D:10     | Reached skill level 11 in Fighting
 18431 | D:10     | Found a staircase to the Orcish Mines.
 18629 | Orc:1    | Entered Level 1 of the Orcish Mines
 18631 | Orc:1    | Reached skill level 11 in Crossbows
 18631 | Orc:1    | Noticed Josephine
 18641 | D:10     | Killed Josephine
 18921 | Orc:2    | Entered Level 2 of the Orcish Mines
 18921 | Orc:2    | Noticed an orc warlord
 19345 | D:10     | Killed an orc warlord
 19807 | Orc:2    | Found Kuulline's Distillery.
 20035 | Orc:1    | Noticed an orc warlord
 20086 | Orc:1    | HP: 25/114 [orc warrior/+0 battleaxe of flaming (16)]
 20096 | Orc:1    | Killed an orc warlord
 20417 | Orc:1    | Reached XP level 15. HP: 120/120 MP: 21/21
 20616 | Orc:1    | Found a roughly hewn altar of Beogh.
 20617 | Orc:1    | Reached skill level 12 in Fighting
 20766 | Orc:2    | Found a staircase to the Elven Halls.
 20774 | Orc:2    | Found Ocrist's Assorted Antiques.
 20959 | Orc:2    | Reached skill level 12 in Crossbows
 21110 | Orc:2    | Found Suug's Magic Scroll Boutique.
 21136 | Orc:2    | Found Nesarph's Armour Shoppe.
 21142 | Orc:2    | Found Rakualif's Jewellery Shop.
 21458 | Orc:2    | Bought the +2 pair of gloves "Inoxeciz" {+Fly Stlth+} for
                  | 316 gold pieces
 21639 | D:11     | Noticed Erica
 21652 | D:11     | Killed Erica
 21652 | D:11     | Reached skill level 13 in Fighting
 21682 | D:11     | Noticed Psyche
 21691 | D:11     | Killed Psyche
 21823 | D:11     | Noticed Sonja
 21825 | D:11     | Killed Sonja
 22571 | D:12     | Noticed Rupert
 22586 | D:12     | Killed Rupert
 22586 | D:12     | Reached skill level 13 in Crossbows
 22586 | D:12     | Noticed Azrael
 23210 | D:12     | HP: 32/124 [hell hound/blast of flame[Azrael] (11)]
 23570 | D:12     | Killed Azrael
 23590 | D:12     | Noticed Frances
 23868 | D:12     | Found Yteone's Island Escapes.
 24047 | D:12     | Killed Frances
 24071 | D:12     | Bought a scroll of blinking for 120 gold pieces
 24268 | D:13     | Found Asyaxt's Book Shop.
 24402 | D:13     | Reached skill level 14 in Fighting
 24404 | D:13     | Gained mutation: Your flesh is heat resistant. (rF+)
                  | [demonic ancestry]
 24404 | D:13     | Reached XP level 16. HP: 133/133 MP: 22/22
 24699 | D:13     | Found Zufyif's Magic Scroll Boutique.
 24801 | D:13     | Found Foepaqur's Distillery.
 24867 | D:13     | Found a gate to the Vaults.
 25064 | D:13     | Found a runed door.
 25077 | D:13     | Noticed RexLacerta's ghost (journeyman DrBe)
 25083 | D:13     | Killed RexLacerta's ghost
 25151 | D:13     | Found Deosof's Food Emporium.
 25279 | D:14     | Reached skill level 14 in Crossbows
 25344 | D:14     | Upgraded the game from 0.23-a0-622-g59b4ea9 to
                  | 0.23-a0-625-g1d2cd9b
 25507 | D:14     | Identified the Collected Works on Bewitchment and
                  | Intoxication
 26030 | D:15     | Entered Level 15 of the Dungeon
 26066 | D:15     | Reached skill level 15 in Fighting
 26659 | D:15     | Found a staircase to the Depths.
 27369 | Spider:1 | Entered Level 1 of the Spider Nest
 27400 | Spider:1 | Reached skill level 15 in Crossbows
 27808 | Spider:2 | Noticed Nikola
 27814 | Spider:1 | Reached XP level 17. HP: 144/144 MP: 23/23
 27837 | Spider:2 | Noticed Arachne
 27988 | Spider:1 | Killed Nikola
 27988 | Spider:1 | Reached skill level 16 in Fighting
 28203 | Spider:1 | Killed Arachne
 28203 | Spider:1 | Reached skill level 1 in Maces & Flails
 28508 | Spider:1 | Reached skill level 2 in Maces & Flails
 28608 | Spider:1 | HP: 42/144 [torpor snail (9)]
 28608 | Spider:1 | HP: 8/144 [tyrant leech (34)]
 29185 | Spider:2 | Reached skill level 3 in Maces & Flails
 29786 | Spider:3 | Reached skill level 4 in Maces & Flails
 30061 | Spider:3 | Reached skill level 5 in Maces & Flails
 30328 | Spider:3 | Reached skill level 16 in Crossbows
 30642 | Lair:1   | Got a pair of ancient gloves
 30653 | Lair:1   | Identified the -1 pair of gloves of Lisiatiwn {MR+ Int+3}
                  | (You acquired it on level 1 of the Lair of Beasts)
 30761 | Shoals:1 | Entered Level 1 of the Shoals
 30829 | Shoals:1 | Found a runed gate.
 30830 | Shoals:1 | Found a runed gate.
 30846 | Shoals:1 | Found a runed gate.
 30846 | Shoals:1 | Noticed SaintRoka's ghost (journeyman GnSk)
 31554 | Shoals:2 | Reached skill level 9 in Invocations
 31563 | Shoals:2 | Reached skill level 6 in Maces & Flails
 31697 | Shoals:2 | Noticed Ilsuiw
 31715 | Shoals:2 | Found a transporter.
 31718 | Shoals:2 | Noticed Bomoishrouc's ghost (journeyman GnSk)
 31723 | Shoals:2 | Killed Ilsuiw
 31765 | Shoals:2 | Noticed Polyphemus
 31775 | Shoals:2 | HP: 30/144 [death yak[Polyphemus] (15)]
 31780 | Shoals:2 | HP: 2/144 [Polyphemus/large rock (18)]
 31787 | Shoals:2 | Hit by a large rock thrown by Polyphemus

Vault maps used:
D:1:      lemuel_arrival_tunnels
D:2:      minmay_diamond_boxcup, tgw_trog, first_ration, grunt_ministairs_5
D:3:      nicolae_overflow_crystal_walls, uniq_grinder
D:4:      supply_closet_lemuel, uniq_edmund, uniq_eustachio
D:5:      overflow_temple_1_default, serial_shops, nicolae_shop_stone,
          amethyst_killhole, fountainhead, minmay_misc_feat_enclosed,
          kennysheep_crisscross, uniq_crazy_yiuf_cottage
D:6:      nemelex_xobeh_ov_fountains_minmay, minmay_temple_entry_steel_oval,
          serial_corexii_hall, chequers_hall_statues_y, corexii_hall_statues_x,
          chequers_serial_rivers_micro_c
D:7:      nicolae_overflow_hidden_temple
D:8:      minmay_lair_entry_grove, hangedman_abyss_or_decor_stabs
D:9:      fedhas_bush_and_centaur_altar, serial_shops, shop, the_bakery
D:10:     erik_orc_1, hangedman_ru_absence
D:11:     hangedman_abyss_or_decor_jellyfish_corner, minmay_unpleasant_kobolds,
          uniq_psyche, uniq_erica, uniq_sonja
D:12:     nicolae_island_escapes, uniq_frances, uniq_azrael, uniq_rupert
D:13:     cheibrodos_ideogram_h, david_vaults_5, ebering_ghost_reflecting_pool,
          serial_shops, shop, nicolae_shop_statue_plus, shop, shop
D:14:     minmay_wizard_corner
D:15:     grunt_enter_depths_hoard
Temple:   minmay_temple_forest_path
Lair:1:   gauntlet_entry_generic
Lair:2:   uniq_gastronok
Lair:3:   minmay_shoals_entry_lonely_mermaid, nicolae_volcano_entry_two_sided,
          gammafunk_ghost_necromancy, disabler_island
Lair:4:   spider_nest_entry_funnel_web, nicolae_lair_yak_garden
Lair:5:   grunt_megastairs_4, infiniplex_staircase_pool_2
Lair:6:   grunt_lair_end_beastmaster, minmay_slime_entry_oklob_enclosed,
          portal_ice_cave_entry_imps
Shoals:1: ebering_ghost_davey_jones, yaktaur_hedge
Shoals:2: gammafunk_ghost_arena, hangedman_shoal_volcano, uniq_polyphemus,
          uniq_ilsuiw
Spider:2: worms_lemuel, uniq_arachne, uniq_nikola
Orc:1:    orc_temple, uniq_josephine
Orc:2:    st_orc_open, serial_shops, shop
IceCv:    ice_cave_caverns_01
Gauntlet: gammafunk_gauntlet_hard_choice

Skill      XL: |  1  2  3  4  5  6  7  8  9 10 11 12 13 14 15 16 17 |
---------------+----------------------------------------------------+-----
Fighting       | 2 3 4 5 6 8 10 11 14 15 16 | 16.0
Armour         | 1 2 3 4 5 7 9 10 12 14 15 16 | 16.0
Crossbows      | 1 5 9 10 11 13 15 16 | 16.0
Invocations    | 5 8 9 |  9.9
Evocations     | 6 8 |  8.0
Maces & Flails | 6 |  6.6
Stealth        | |  1.0
Spellcasting   | |  1.0
Conjurations   | |  2.0
Charms         | |  1.0
Fire Magic     | |  1.7
Earth Magic    | |  1.7

Action                   |  1- 3 |  4- 6 |  7- 9 | 10-12 | 13-15 | 16-18 || total
-------------------------+-------+-------+-------+-------+-------+-------++-------
Melee: Dagger            |   125 |   262 |    29 |       |       |       ||   416
       Kick              |       |    12 |    54 |    45 |       |       ||   111
       Flail             |       |       |   194 |    48 |       |       ||   242
       Whip              |       |       |       |   139 |   291 |       ||   430
       Morningstar       |       |       |       |       |   237 |   408 ||   645
 Fire: Heavy crossbow    |       |       |    69 |   170 |   459 |   274 ||   972
Throw: Stone             |    15 |       |       |       |       |       ||    15
       Tomahawk          |       |    14 |     6 |       |       |       ||    20
Invok: Lesser Servant of |       |       |       |       |     6 |     4 ||    10
 Abil: Evoke Flight      |       |       |       |       |     2 |     2 ||     4
  Use: Scroll            |     6 |     7 |     5 |     9 |     8 |     6 ||    41
       Potion            |       |     1 |     2 |     1 |     1 |     3 ||     8
  Eat: Chunk             |     2 |     7 |    10 |    17 |    38 |    27 ||   101
       Ration            |       |       |     1 |       |       |       ||     1
Armor: Ring mail         |    49 |       |       |       |       |       ||    49
       Plate armour      |    18 |   236 |   325 |   362 |   844 |   734 ||  2519
Dodge: Dodged            |    61 |    40 |    57 |    97 |   376 |   292 ||   923

Table legend:
 A = Non-vault XP
 B = Vault XP
 C = Vault XP percentage of total XP
 D = Non-vault monster count
 E = Vault monster count
 F = Vault count percentage of total count
                 A         B        C        D         E       F
            +---------+---------+-------+---------+---------+-------
      Total |  160207 |  115297 |  41.8 |     729 |     337 |  31.6
            +---------+---------+-------+---------+---------+-------
        D:1 |       8 |       0 |   0.0 |       7 |       0 |   0.0
        D:2 |      95 |     313 |  76.7 |      24 |      15 |  38.5
        D:3 |     155 |       0 |   0.0 |      26 |       0 |   0.0
        D:4 |     649 |     351 |  35.1 |      17 |       2 |  10.5
        D:5 |     475 |      41 |   7.9 |      20 |       1 |   4.8
        D:6 |    1199 |       0 |   0.0 |      25 |       0 |   0.0
        D:7 |     891 |     439 |  33.0 |      17 |       3 |  15.0
        D:8 |    1775 |    1632 |  47.9 |      24 |      10 |  29.4
        D:9 |     731 |     320 |  30.4 |      14 |       2 |  12.5
       D:10 |    4958 |    2095 |  29.7 |      37 |      20 |  35.1
       D:11 |    9982 |    2476 |  19.9 |      66 |       9 |  12.0
       D:12 |    5755 |    7517 |  56.6 |      29 |       8 |  21.6
       D:13 |    7059 |   12629 |  64.1 |      26 |      34 |  56.7
       D:14 |   10985 |    3413 |  23.7 |      34 |       5 |  12.8
       D:15 |   20839 |    2044 |   8.9 |      47 |       2 |   4.1
     Temple |     121 |       0 |   0.0 |       1 |       0 |   0.0
     Lair:1 |    4680 |       0 |   0.0 |      17 |       0 |   0.0
     Lair:2 |    5330 |    2203 |  29.2 |      17 |       1 |   5.6
     Lair:3 |    5447 |    4691 |  46.3 |      29 |      13 |  31.0
     Lair:4 |    9218 |    4962 |  35.0 |      27 |      15 |  35.7
     Lair:5 |    7032 |    1028 |  12.8 |      22 |       4 |  15.4
     Lair:6 |    5696 |   10616 |  65.1 |      19 |      31 |  62.0
   Shoals:1 |    6400 |     355 |   5.3 |      15 |       1 |   6.2
   Shoals:2 |    9237 |    4710 |  33.8 |      20 |       6 |  23.1
   Spider:1 |   10813 |   12125 |  52.9 |      29 |      17 |  37.0
   Spider:2 |    7245 |    1265 |  14.9 |      26 |       4 |  13.3
   Spider:3 |   16890 |       0 |   0.0 |      54 |       0 |   0.0
      Orc:1 |    3148 |    5964 |  65.5 |      24 |      29 |  54.7
      Orc:2 |    3394 |   15487 |  82.0 |      16 |      37 |  69.8
      IceCv |       0 |   14139 | 100.0 |       0 |      55 | 100.0
   Gauntlet |       0 |    4482 | 100.0 |       0 |      13 | 100.0
            +---------+---------+-------+---------+---------+-------

Table legend:
 A = Turns spent in this place as a percentage of turns spent in the entire game.
 B = Non-inter-level travel turns spent in this place as a percentage of non-inter-level travel turns spent in the entire game.
 C = Inter-level travel turns spent in this place as a percentage of turns spent in this place.
 D = Turns resting spent in this place as a percentage of non-inter-level travel turns spent in this place.
 E = Turns spent auto-exploring this place as a percentage of non-inter-level travel turns spent in this place.
 F = Non-inter-level travel turns spent in this place divided by the number of levels of this place that you've seen.
                   A       B       C       D       E      F
               +-------+-------+-------+-------+-------+----------------------
         Total | 100.0 | 100.0 |   7.7 |  17.5 |  40.5 | 946.8
       Dungeon |  51.6 |  52.2 |   6.6 |  19.7 |  43.2 | 1021.3
        Temple |   1.3 |   1.1 |  18.5 |   0.0 |  95.1 | 325.0
          Lair |  23.1 |  21.9 |  12.7 |  13.0 |  47.1 | 1069.8
        Shoals |   3.2 |   3.5 |   1.3 |  17.7 |  32.5 | 506.5
   Spider Nest |   8.8 |   9.0 |   5.2 |  21.7 |  29.0 | 882.3
  Orcish Mines |   7.2 |   7.2 |   8.0 |  14.2 |  28.1 | 1055.0
      Ice Cave |   2.6 |   2.8 |   0.0 |   0.2 |  28.6 | 819.0
      Gauntlet |   2.2 |   2.4 |   0.0 |  33.1 |   0.1 | 700.0
               +-------+-------+-------+-------+-------+----------------------

Vault maps used:
D:1:      lemuel_arrival_tunnels
D:2:      minmay_diamond_boxcup, tgw_trog, first_ration, grunt_ministairs_5
D:3:      nicolae_overflow_crystal_walls, uniq_grinder
D:4:      supply_closet_lemuel, uniq_edmund, uniq_eustachio
D:5:      overflow_temple_1_default, serial_shops, nicolae_shop_stone,
          amethyst_killhole, fountainhead, minmay_misc_feat_enclosed,
          kennysheep_crisscross, uniq_crazy_yiuf_cottage
D:6:      nemelex_xobeh_ov_fountains_minmay, minmay_temple_entry_steel_oval,
          serial_corexii_hall, chequers_hall_statues_y, corexii_hall_statues_x,
          chequers_serial_rivers_micro_c
D:7:      nicolae_overflow_hidden_temple
D:8:      minmay_lair_entry_grove, hangedman_abyss_or_decor_stabs
D:9:      fedhas_bush_and_centaur_altar, serial_shops, shop, the_bakery
D:10:     erik_orc_1, hangedman_ru_absence
D:11:     hangedman_abyss_or_decor_jellyfish_corner, minmay_unpleasant_kobolds,
          uniq_psyche, uniq_erica, uniq_sonja
D:12:     nicolae_island_escapes, uniq_frances, uniq_azrael, uniq_rupert
D:13:     cheibrodos_ideogram_h, david_vaults_5, ebering_ghost_reflecting_pool,
          serial_shops, shop, nicolae_shop_statue_plus, shop, shop
D:14:     minmay_wizard_corner
D:15:     grunt_enter_depths_hoard
Temple:   minmay_temple_forest_path
Lair:1:   gauntlet_entry_generic
Lair:2:   uniq_gastronok
Lair:3:   minmay_shoals_entry_lonely_mermaid, nicolae_volcano_entry_two_sided,
          gammafunk_ghost_necromancy, disabler_island
Lair:4:   spider_nest_entry_funnel_web, nicolae_lair_yak_garden
Lair:5:   grunt_megastairs_4, infiniplex_staircase_pool_2
Lair:6:   grunt_lair_end_beastmaster, minmay_slime_entry_oklob_enclosed,
          portal_ice_cave_entry_imps
Shoals:1: ebering_ghost_davey_jones, yaktaur_hedge
Shoals:2: gammafunk_ghost_arena, hangedman_shoal_volcano, uniq_polyphemus,
          uniq_ilsuiw
Spider:2: worms_lemuel, uniq_arachne, uniq_nikola
Orc:1:    orc_temple, uniq_josephine
Orc:2:    st_orc_open, serial_shops, shop
IceCv:    ice_cave_caverns_01
Gauntlet: gammafunk_gauntlet_hard_choice
